MWL (24 & UNDER)
CINCINNATI PRIDE @ MANHATTEN MEATHEADS
04/23/2024
 
TOP OF THE 1ST
Cincinnati Pride batting - Pitching for Manhatten Meatheads : LHP Ben Head
Pitching: LHP Ben Head
Batting: RHB Larry Booth 0-0: Ball
1-0: Ball
2-0: Ball
3-0: Called Strike
3-1: Base on Balls
Batting: RHB Gabriel Villegas 0-0: Ball
1-0: Ball
2-0: Swinging Strike
2-1: Foul Ball, location: 2F
2-2: Grounds into double play, 1-4-3 (Groundball, 15)
Batting: RHB Michael Skinner 0-0: Ground out 5-3 (Groundball, 56S)
Top of the 1st over - 0 run(s), 0 hit(s), 0 error(s), 0 left on base; Cincinnati 0 - Manhatten 0
BOTTOM OF THE 1ST
Manhatten Meatheads batting - Pitching for Cincinnati Pride : RHP Jesús Martínez
Pitching: RHP Jesús Martínez
Batting: RHB Kyle O'Day 0-0: Ball
1-0: Ball
2-0: SINGLE (Flyball, 8LM)
Batting: RHB Ben Morton 0-0: Called Strike
0-1: Fly out, F7 (Flyball, 78M)
Batting: LHB Dave Watt 0-0: TRIPLE (Flyball, 89XD)
Kyle O'Day scores
Batting: RHB John Little 0-0: Ball
1-0: Called Strike
1-1: Foul Ball, location: 2F
1-2: Fly out, F9 (Flyball, 9M)
Runner from 3rd tags up, SCORES, no throw
Batting: LHB Ed Murray 0-0: Ball
1-0: Ball
2-0: Swinging Strike
2-1: Foul Ball, location: 2F
2-2: Ball
3-2: Strikes out swinging
Bottom of the 1st over - 2 run(s), 2 hit(s), 0 error(s), 0 left on base; Cincinnati 0 - Manhatten 2
TOP OF THE 2ND
Cincinnati Pride batting - Pitching for Manhatten Meatheads : LHP Ben Head
Batting: RHB Roberto Chávez 0-0: Ball
1-0: Ball
2-0: Ground out 5-3 (Groundball, 56S)
Batting: RHB Randy Simons 0-0: Ground out 6-3 (Groundball, 56)
Batting: SHB Rafael Villa 0-0: Called Strike
0-1: Foul Ball, location: 2F
0-2: Ground out 5-3 (Groundball, 5)
Top of the 2nd over - 0 run(s), 0 hit(s), 0 error(s), 0 left on base; Cincinnati 0 - Manhatten 2
BOTTOM OF THE 2ND
Manhatten Meatheads batting - Pitching for Cincinnati Pride : RHP Jesús Martínez
Batting: RHB Juan Reyes 0-0: Ball
1-0: Ball
2-0: Foul Ball, location: 2F
2-1: Foul Ball, location: 2F
2-2: Strikes out swinging
Batting: RHB Júlio Galló 0-0: Ball
1-0: Ball
2-0: Foul Ball, location: 2F
2-1: Swinging Strike
2-2: Ball
3-2: Fly out, F7 (Flyball, 78M)
Batting: RHB Ramón Ybarra 0-0: Called Strike
0-1: Foul Ball, location: 2F
0-2: Ball
1-2: Strikes out swinging
Bottom of the 2nd over - 0 run(s), 0 hit(s), 0 error(s), 0 left on base; Cincinnati 0 - Manhatten 2
TOP OF THE 3RD
Cincinnati Pride batting - Pitching for Manhatten Meatheads : LHP Ben Head
Batting: SHB Jorge García 0-0: Called Strike
0-1: SINGLE (Line Drive, 8RS)
Batting: LHB Marvin Morris 0-0: Called Strike
0-1: Ground out 2-3 (Groundball, 23)
Jorge García to second
Batting: RHB Norris Howard 0-0: Foul Ball, location: 2F
0-1: Foul Ball, location: 2F
0-2: Ball
1-2: Ball
2-2: Foul Ball, location: 2F
2-2: Strikes out looking
Batting: RHB Larry Booth 0-0: Ball
1-0: Ball
2-0: Called Strike
2-1: Ball
3-1: Ground out 2-3 (Groundball, 23)
Top of the 3rd over - 0 run(s), 1 hit(s), 0 error(s), 1 left on base; Cincinnati 0 - Manhatten 2
BOTTOM OF THE 3RD
Manhatten Meatheads batting - Pitching for Cincinnati Pride : RHP Jesús Martínez
Batting: RHB Stanley Robbins 0-0: Ball
1-0: Ball
2-0: Foul Ball, location: 2F
2-1: Ball
3-1: Fly out, F6 (Line Drive, 6)
Batting: RHB Kyle O'Day 0-0: Called Strike
0-1: Ball
1-1: Called Strike
1-2: Ball
2-2: Strikes out looking
Batting: RHB Ben Morton 0-0: Ball
1-0: Foul Ball, location: 2F
1-1: SINGLE (Line Drive, 34)
Batting: LHB Dave Watt 0-0: Foul Ball, location: 2F
0-1: Called Strike
0-2: Ball
1-2: Ball
2-2: Fielders Choice at 2nd, U6 (Groundball, 6M)
Bottom of the 3rd over - 0 run(s), 1 hit(s), 0 error(s), 1 left on base; Cincinnati 0 - Manhatten 2
TOP OF THE 4TH
Cincinnati Pride batting - Pitching for Manhatten Meatheads : LHP Ben Head
Batting: RHB Gabriel Villegas 0-0: Called Strike
0-1: Called Strike
0-2: Strikes out swinging
Batting: RHB Michael Skinner 0-0: Ball
1-0: SINGLE (Line Drive, 8LS)
Batting: RHB Roberto Chávez 0-0: Called Strike
0-1: Ball
Michael Skinner is caught stealing 2nd base
1-1: SINGLE (Line Drive, 8RS)
Batting: RHB Randy Simons 0-0: Fielders Choice at 2nd, 5-4 (Groundball, 56)
Top of the 4th over - 0 run(s), 2 hit(s), 0 error(s), 0 left on base; Cincinnati 0 - Manhatten 2
BOTTOM OF THE 4TH
Manhatten Meatheads batting - Pitching for Cincinnati Pride : RHP Jesús Martínez
Batting: RHB John Little 0-0: Foul Ball, location: 2F
0-1: Fly out, F8 (Flyball, 89M)
Batting: LHB Ed Murray 0-0: Ball
1-0: Ground out U3 (Groundball, 3)
Batting: RHB Juan Reyes 0-0: Ball
1-0: Foul Ball, location: 2F
1-1: Swinging Strike
1-2: DOUBLE (Line Drive, 7LM)
Batting: RHB Júlio Galló 0-0: Swinging Strike
0-1: Ball
1-1: Swinging Strike
1-2: Strikes out swinging
Bottom of the 4th over - 0 run(s), 1 hit(s), 0 error(s), 1 left on base; Cincinnati 0 - Manhatten 2
TOP OF THE 5TH
Cincinnati Pride batting - Pitching for Manhatten Meatheads : LHP Ben Head
Batting: SHB Rafael Villa 0-0: Ground out 5-3 (Groundball, 56)
Batting: SHB Jorge García 0-0: Ball
1-0: Called Strike
1-1: Swinging Strike
1-2: Ball
2-2: Foul Ball, location: 2F
2-2: Ground out 6-3 (Groundball, 6)
Batting: LHB Marvin Morris 0-0: Ball
1-0: Ball
2-0: Ball
3-0: Base on Balls
Batting: RHB Norris Howard 0-0: Called Strike
0-1: Ball
1-1: Ball
2-1: Swinging Strike
2-2: Strikes out swinging
Top of the 5th over - 0 run(s), 0 hit(s), 0 error(s), 1 left on base; Cincinnati 0 - Manhatten 2
BOTTOM OF THE 5TH
Manhatten Meatheads batting - Pitching for Cincinnati Pride : RHP Jesús Martínez
Batting: RHB Ramón Ybarra 0-0: Ball
1-0: Ball
2-0: Ball
3-0: Base on Balls
Batting: RHB Stanley Robbins 0-0: Called Strike
0-1: Ball
1-1: Called Strike
1-2: Ball
2-2: Grounds into double play, 4-6-3 (Groundball, 4)
Batting: RHB Kyle O'Day 0-0: Foul Ball, location: 2F
0-1: Ball
1-1: Ball
2-1: Ball
3-1: Foul Ball, location: 2F
3-2: Fly out, F7 (Flyball, 78S)
Bottom of the 5th over - 0 run(s), 0 hit(s), 0 error(s), 0 left on base; Cincinnati 0 - Manhatten 2
TOP OF THE 6TH
Cincinnati Pride batting - Pitching for Manhatten Meatheads : LHP Ben Head
Batting: RHB Larry Booth 0-0: Ball
1-0: Foul Ball, location: 2F
1-1: Fly out, F7 (Flyball, 7LM)
Batting: RHB Gabriel Villegas 0-0: Swinging Strike
0-1: Ball
1-1: Foul Ball, location: 2F
1-2: Foul Ball, location: 2F
1-2: Strikes out swinging
Batting: RHB Michael Skinner 0-0: SINGLE (Line Drive, 78M)
Batting: RHB Roberto Chávez 0-0: Called Strike
0-1: Called Strike
0-2: Ball
Passed Ball!
Michael Skinner to second
1-2: Ground out 4-3 (Groundball, 4)
Top of the 6th over - 0 run(s), 1 hit(s), 0 error(s), 1 left on base; Cincinnati 0 - Manhatten 2
BOTTOM OF THE 6TH
Manhatten Meatheads batting - Pitching for Cincinnati Pride : RHP Jesús Martínez
Batting: RHB Ben Morton 0-0: DOUBLE (Line Drive, 78M)
Batting: LHB Dave Watt 0-0: Ball
Wild Pitch!
Ben Morton to third
1-0: Called Strike
1-1: Ball
2-1: Ground out 6-3 (Groundball, 6)
Ben Morton scores
Batting: RHB John Little 0-0: Ground out 4-3 (Groundball, 4)
Batting: LHB Ed Murray 0-0: Called Strike
0-1: Foul Ball, location: 2F
0-2: Ball
1-2: Strikes out swinging
Bottom of the 6th over - 1 run(s), 1 hit(s), 0 error(s), 0 left on base; Cincinnati 0 - Manhatten 3
TOP OF THE 7TH
Cincinnati Pride batting - Pitching for Manhatten Meatheads : LHP Ben Head
Batting: RHB Randy Simons 0-0: Called Strike
0-1: Called Strike
0-2: Ball
1-2: Ball
2-2: Ground out 4-3 (Groundball, 4)
Batting: SHB Rafael Villa 0-0: Ground out 5-3 (Groundball, 5S)
Batting: SHB Jorge García 0-0: Swinging Strike
0-1: Ball
1-1: Foul Ball, location: 2F
1-2: Ball
2-2: Ball
3-2: Base on Balls
Batting: LHB Marvin Morris 0-0: Ball
1-0: Swinging Strike
1-1: Called Strike
1-2: Ball
2-2: Ball
3-2: Strikes out swinging
Top of the 7th over - 0 run(s), 0 hit(s), 0 error(s), 1 left on base; Cincinnati 0 - Manhatten 3
BOTTOM OF THE 7TH
Manhatten Meatheads batting - Pitching for Cincinnati Pride : RHP Jesús Martínez
Pitching: RHP José Gonzáles
Batting: RHB Juan Reyes 0-0: Fly out, F4 (Line Drive, 4M)
Batting: RHB Júlio Galló 0-0: Foul Ball, location: 2F
0-1: Ball
1-1: Ball
2-1: SINGLE (Flyball, 8LS)
Batting: RHB Ramón Ybarra 0-0: SINGLE (Line Drive, 9M)
Júlio Galló to second
Batting: RHB Stanley Robbins 0-0: Ball
1-0: Ball
2-0: Foul Ball, location: 2F
2-1: Foul Ball, location: 2F
2-2: Ball
3-2: Foul Ball, location: 2F
3-2: Strikes out swinging
Batting: RHB Kyle O'Day 0-0: Ball
1-0: Called Strike
1-1: Foul Ball, location: 2F
1-2: Ball
2-2: Ball
3-2: Strikes out looking
Bottom of the 7th over - 0 run(s), 2 hit(s), 0 error(s), 2 left on base; Cincinnati 0 - Manhatten 3
TOP OF THE 8TH
Cincinnati Pride batting - Pitching for Manhatten Meatheads : LHP Ben Head
Pitching: LHP Enrico Lozano
Batting: RHB Norris Howard 0-0: Ball
1-0: Ball
2-0: Ball
3-0: Called Strike
3-1: Base on Balls
Batting: RHB Larry Booth 0-0: Ball
1-0: Ball
2-0: Called Strike
2-1: Swinging Strike
2-2: Strikes out looking
Batting: RHB Gabriel Villegas 0-0: Called Strike
0-1: Ball
1-1: Foul Ball, location: 2F
1-2: Strikes out looking
Batting: RHB Michael Skinner 0-0: Foul Ball, location: 2F
0-1: Foul Ball, location: 2F
0-2: Strikes out swinging
Top of the 8th over - 0 run(s), 0 hit(s), 0 error(s), 1 left on base; Cincinnati 0 - Manhatten 3
BOTTOM OF THE 8TH
Manhatten Meatheads batting - Pitching for Cincinnati Pride : RHP José Gonzáles
Batting: RHB Ben Morton 0-0: Ball
1-0: Foul Ball, location: 2F
1-1: Called Strike
1-2: Foul Ball, location: 2F
1-2: Strikes out looking
Batting: LHB Dave Watt 0-0: Ball
1-0: Ball
2-0: Called Strike
2-1: Swinging Strike
2-2: Strikes out looking
Batting: RHB John Little 0-0: Ball
1-0: Fly out, F7 (Line Drive, 78S)
Bottom of the 8th over - 0 run(s), 0 hit(s), 0 error(s), 0 left on base; Cincinnati 0 - Manhatten 3
TOP OF THE 9TH
Cincinnati Pride batting - Pitching for Manhatten Meatheads : LHP Enrico Lozano
Pitching: RHP Mario Tovar
Batting: RHB Roberto Chávez 0-0: Called Strike
0-1: Called Strike
0-2: Strikes out swinging
Batting: RHB Randy Simons 0-0: SINGLE (Line Drive, 9S)
Batting: SHB Rafael Villa 0-0: Foul Ball, location: 2F
0-1: Ball
1-1: Called Strike
1-2: Foul Ball, location: 2F
1-2: Ball
2-2: Strikes out swinging
Batting: SHB Jorge García 0-0: Ball
1-0: Ball
2-0: Ball
3-0: Base on Balls
Randy Simons to second
Batting: LHB Marvin Morris 0-0: Ball
1-0: Fly out, F9 (Flyball, 89M)
Top of the 9th over - 0 run(s), 1 hit(s), 0 error(s), 2 left on base; Cincinnati 0 - Manhatten 3
This league is powered by Out of the Park Baseball, the baseball management simulation game for PC, Mac and Linux
Saturday, April 9th, 2016 - OOTP Baseball 16.8 Build 38